 Dungeon Crawl Stone Soup version 0.21.0-3-g78d12a8 (webtiles) character file.

251 oplop the Chiller (level 6, -2/36 HPs)
             Began as an Octopode Ice Elementalist on Jan 11, 2018.
             Slain by an orc (4 damage)
             ... on level 3 of the Dungeon.
             The game lasted 00:05:45 (2809 turns).

oplop the Chiller (Octopode Ice Elementalist)       Turns: 2809, Time: 00:05:46

Health: -2/36      AC:  1    Str:  7    XL:     6   Next: 13%
Magic:  4/10       EV: 14    Int: 20    God:
Gold:   199        SH:  0    Dex: 12    Spells: 7/11 levels left

rFire    . . .     SeeInvis .   (no weapon)
rCold    . . .     Gourm    .   (no shield)
rNeg     . . .     Faith    .   (helmet restricted)
rPois    .         Spirit   .   (no amulet)
rElec    .         Reflect  .   (no ring)
rCorr    .         Harm     .   (no ring)
MR       .....                  (no ring)
Stlth    +++.......             (no ring)
HPRegen  0.12/turn              (no ring)
MPRegen  0.12/turn              (no ring)
                                (no ring)
                                (no ring)

@: no status effects
A: almost no armour, stealthy swim, amphibious, 8 rings, constrict 8, camouflage
1, gelatinous body 1
a: no special abilities


You were on level 3 of the Dungeon.
You were hungry.

You visited 1 branch of the dungeon, and saw 3 of its levels.

You collected 199 gold pieces.

Inventory:

Wands
 m - a wand of polymorph (8)
Scrolls
 f - 3 scrolls of remove curse {unknown}
 g - 2 scrolls of noise {unknown}
 i - 3 scrolls of identify {unknown}
 j - a scroll of teleportation {unknown}
 k - a scroll of magic mapping {unknown}
 l - a scroll of fear {unknown}
 q - a scroll of random uselessness {unknown}
Potions
 c - a potion of magic {unknown}
 d - 3 potions of resistance {unknown}
 e - 2 potions of berserk rage {unknown}
 h - 2 potions of cancellation {unknown}
 n - a potion of degeneration {unknown}
 o - a potion of might {unknown}
 p - a potion of heal wounds {unknown}
Books
 a - a book of Frost

   Spells                             Type                      Level
   a - Freeze                         Ice                          1
   b - Throw Frost                    Conjuration/Ice              2
   c - Ozocubu's Armour               Charms/Ice                   3
   d - Throw Icicle                   Conjuration/Ice              4
   e - Summon Ice Beast               Ice/Summoning                4
Comestibles
 b - 5 rations


   Skills:
 + Level 3.5 Dodging
 - Level 2.6 Stealth
 + Level 3.3 Spellcasting
   Level 1.0 Conjurations
 * Level 5.1 Ice Magic


You had 7 spell levels left.
You knew the following spells:

 Your Spells              Type           Power        Failure   Level  Hunger
a - Freeze                Ice            ###.         1%          1    None
b - Ozocubu's Armour      Chrm/Ice       ##......     14%         3    ###....


Dungeon Overview and Level Annotations

Branches:
Dungeon (3/15)

Altars:
Cheibriados

Annotations:
D:3 Purgy; zkyp's ghost, amateur CeWz


Innate Abilities, Weirdness & Mutations

You cannot wear most types of armour.
You are very stealthy in the water. (Stealth+)
You are amphibious.
You can wear up to eight rings at the same time.
You can use your tentacles to constrict eight enemies at once.
Your skin changes colour to match your surroundings (Stealth+).
Your rubbery body absorbs attacks. (AC +1, EV +1)


Message History

You freeze the orc priest.
The orc priest is heavily wounded.
The orc priest hits you with a club.
* * * LOW HITPOINT WARNING * * *
An orc comes into view. It is wielding a flail of distortion.
Casting: Freeze
Confirm with . or Enter, or press ? or * to list all spells.
Aiming: Freeze
Press: ? - help, Shift-Dir - straight line, f/p - orc priest
Aim: an orc priest, wielding a club and wearing a chain mail (heavily wounded)
You freeze the orc priest.
You kill the orc priest!
You have reached level 6!
Your experience leads to an increase in your attributes!
Increase (S)trength, (I)ntelligence, or (D)exterity?
You feel clever.
The orc shouts!
The orc closely misses you. x2
The orc hits you.
You die...

########## #.....!..#
###############..o...>.#
#...............@oo....#
#.#################o.###
#.# .# #.# .# #.# .. #.#
.. #.# # #.# #.#


You could see 4 orcs.

Vanquished Creatures
  An orc priest (D:3)
  Jessica (D:3)
  Natasha (thrice) (D:2)
  Terence (D:2)
  An adder (D:3)
  An ooze (D:1)
  4 worms
  3 dart slugs
  2 leopard geckos
  11 giant cockroaches
  5 goblins (D:1)
  6 hobgoblins
  9 jackals
  4 kobolds
  A ball python (D:2)
  6 bats
  3 frilled lizards
  6 rats
68 creatures vanquished.

Notes
Turn   | Place    | Note
-------+----------+-------------------------------------------
     0 | D:1      | oplop the Octopode Ice Elementalist began the quest for the Orb.
     0 | D:1      | Reached XP level 1. HP: 11/11 MP: 3/3
    75 | D:1      | Reached XP level 2. HP: 11/17 MP: 5/5
   603 | D:1      | Reached XP level 3. HP: 14/21 MP: 6/6
  1517 | D:2      | Reached XP level 4. HP: 23/27 MP: 5/7
  1536 | D:2      | Noticed Natasha
  1542 | D:2      | Killed Natasha
  1542 | D:2      | Reached skill level 4 in Ice Magic
  1581 | D:2      | Learned a level 3 spell: Ozocubu's Armour
  1633 | D:2      | Noticed Natasha
  1647 | D:2      | Killed Natasha
  1948 | D:2      | Noticed Terence
  1959 | D:2      | Killed Terence
  1959 | D:2      | Reached XP level 5. HP: 22/31 MP: 2/9
  2051 | D:2      | Noticed Natasha
  2058 | D:2      | Killed Natasha
  2238 | D:3      | Noticed zkyp's ghost (amateur CeWz)
  2296 | D:3      | Noticed Jessica
  2307 | D:3      | Killed Jessica
  2363 | D:3      | Found a snail-covered altar of Cheibriados.
  2636 | D:3      | Noticed Purgy
  2689 | D:3      | Reached skill level 5 in Ice Magic
  2807 | D:3      | HP: 1/31 [orc priest/club (1)]
  2808 | D:3      | Reached XP level 6. HP: 1/36 MP: 4/10
  2809 | D:3      | Slain by an orc

Skill      XL: |  1  2  3  4  5 |
---------------+----------------+-----
Ice Magic      | 4 5 |  5.1
Dodging        | 3 |  3.5
Spellcasting   | 3 |  3.3
Stealth        | |  2.6
Conjurations   | |  1.0

Action                   |  1- 3 |  4- 6 || total
-------------------------+-------+-------++-------
Melee: Unarmed           |    78 |    96 ||   174
       Tentacles         |    15 |    20 ||    35
       Constrict         |    24 |    23 ||    47
 Cast: Freeze            |    32 |    28 ||    60
       Ozocubu's Armour  |       |     3 ||     3
 Stab: Sleeping          |     8 |     6 ||    14
       Distracted        |       |     1 ||     1
  Eat: Chunk             |     2 |     4 ||     6
Armor: Skin              |    10 |    17 ||    27
Dodge: Dodged            |    71 |   113 ||   184
